Map: Cerulean Fall LE

Players

soul

  • Race: Terran Terran
  • Spawn Location: 1:00

Bunny - Winner!

  • Race: Terran Terran
  • League: Diamond
  • Spawn Location: 7:00

Event: HomeStory Cup XVIII

VOD

Have the link to the VOD?

Description

Time

  • Played on: Nov. 23, 2018, 7:43 a.m.
  • Length: 8:12

All games in this series

Show
View Real Time Build Order
Export as new Build Order

soul Terran 

Build Orders: Gas First Reaper Expand, Reaper Expand 

Get SALT Encoding   

  12  0:00  SCV  
  13  0:12  SCV  
  14  0:17  Supply Depot  
  14  0:24  SCV  
  15  0:29  Refinery  
  15  0:39  SCV  
  16  0:45  Barracks  
  16  0:51  SCV  
  17  1:03  SCV  
  18  1:16  SCV  
  19  1:33  Reaper, Orbital Command  
  20  1:49  Command Center  
  20  1:58  Factory  
  20  2:02  SCV  
  21  2:08  Barracks Reactor  
  21  2:15  SCV  
  22  2:19  Supply Depot  
  22  2:21  Refinery  
  22  2:27  SCV  
  23  2:41  SCV  
  24  2:44  Hellion  
  24  2:47  Marine x2  
  24  2:50  Supply Depot  
  27  2:54  Starport  
  28  2:58  SCV  
  28  3:04  Marine x2  
  30  3:08  Factory Tech Lab  
  30  3:10  SCV  
  28  3:22  Marine x2  
  28  3:28  SCV  
  28  3:30  Cyclone  
  32  3:39  Medivac  
  32  3:40  Marine  
  35  3:44  Marine  
  35  3:46  Orbital Command  
  36  3:49  SCV  
  37  4:01  SCV  
  37  4:02  Siege Tank  
  41  4:03  Marine  
  41  4:05  Marine  
  43  4:13  SCV x2  
  43  4:16  Medivac  
  47  4:21  Marine  
  47  4:23  Marine  
  49  4:25  Supply Depot  
  49  4:26  Supply Depot  
  49  4:27  SCV  
  50  4:34  SCV  
  50  4:39  Marine  
  50  4:40  Supply Depot  
  50  4:41  Marine  
  50  4:44  Siege Tank  
  48  4:46  SCV  
  49  4:54  Medivac  
  49  4:57  Marine, SCV  
  49  4:59  Marine  
  51  5:04  SCV  
  52  5:10  SCV  
  53  5:15  Marine  
  53  5:16  Marine, SCV  
  56  5:22  Supply Depot, SCV  
  56  5:23  Siege Tank  
  56  5:28  SCV  
  61  5:34  SCV  
  57  5:40  SCV  
  58  5:44  Barracks  
  58  5:45  Engineering Bay  
  58  5:46  SCV  
  58  5:47  Barracks  
  59  5:52  SCV  
  59  5:55  Siege Tank  
  58  5:58  SCV  
  56  6:04  SCV  
  56  6:10  SCV  
  58  6:16  SCV  
  55  6:22  SCV  
  53  6:28  SCV  
  54  6:33  Barracks Tech Lab  
  54  6:34  SCV  
  54  6:37  Refinery  
  54  6:39  Marine  
  55  6:40  SCV  
  55  6:43  Barracks Tech Lab  
  55  6:46  SCV  
  58  6:48  Supply Depot  
  58  6:53  SCV  
  59  6:55  Marine  
  59  6:58  SCV  
  54  7:02  Marine x3  
  54  7:05  SCV  
  57  7:10  SCV  
  57  7:12  Refinery  
  57  7:13  Marine  
  52  7:17  SCV  
  52  7:20  Marine x2  
  52  7:22  Marine  
  56  7:23  Starport Reactor, SCV  
  56  7:28  Supply Depot  
  56  7:29  SCV  
  58  7:31  Marine  
  58  7:35  SCV  
  60  7:38  Marine x2  
  60  7:40  Marine  
  60  7:41  SCV  
  64  7:46  Supply Depot  
  64  7:48  SCV  
  64  7:49  Marine  
  69  7:53  SCV  
  70  8:00  Supply Depot, SCV  
Show
View Real Time Build Order
Export as new Build Order

Bunny Terran - Winner!

Build Orders:  

Get SALT Encoding   

  12  0:00  SCV  
  13  0:13  SCV  
  14  0:17  Supply Depot  
  14  0:25  SCV  
  14  0:28  Refinery  
  15  0:39  SCV  
  16  0:44  Barracks  
  16  0:51  SCV  
  17  0:57  Refinery  
  17  1:03  SCV  
  18  1:15  SCV  
  19  1:31  Orbital Command  
  19  1:32  Reaper  
  20  1:37  Factory  
  20  1:47  Supply Depot  
  20  1:57  SCV  
  20  2:00  Supply Depot  
  21  2:04  Reaper  
  22  2:09  SCV  
  23  2:22  Hellion  
  25  2:25  SCV  
  26  2:35  Command Center  
  26  2:39  SCV  
  26  2:40  Barracks Reactor  
  27  2:48  Factory Tech Lab  
  27  2:51  SCV  
  27  2:55  Supply Depot  
  28  3:00  Starport  
  28  3:03  SCV  
  29  3:18  SCV  
  29  3:22  Cyclone  
  32  3:30  Marine x2, SCV  
  35  3:37  Supply Depot  
  35  3:40  Medivac  
  37  3:42  SCV  
  38  3:50  Orbital Command  
  38  3:54  Cyclone  
  38  3:55  SCV  
  42  3:57  Marine  
  42  3:59  Marine  
  44  4:07  SCV  
  45  4:15  Starport Tech Lab  
  45  4:16  SCV  
  46  4:18  Marine x2  
  46  4:19  SCV  
  46  4:23  Supply Depot  
  49  4:26  Cyclone  
  52  4:37  SCV x2  
  54  4:41  Marine x2  
  54  4:44  Raven  
  58  4:46  Supply Depot  
  58  4:47  Supply Depot  
  58  4:49  SCV x2  
  54  5:02  Siege Tank  
  54  5:04  SCV  
  54  5:05  Command Center  
  59  5:07  SCV  
  59  5:13  Refinery x2  
  59  5:14  Marine x2  
  59  5:17  SCV  
  59  5:19  SCV  
  63  5:24  Bunker  
  63  5:32  SCV x2  
  65  5:37  Raven  
  65  5:39  Marine x2  
  69  5:44  SCV x2  
  69  5:49  Supply Depot  
  71  5:50  Supply Depot, Siege Tank  
  71  5:57  Marine x2  
  76  6:11  Barracks  
  76  6:12  Engineering Bay, SCV  
  76  6:13  SCV  
  76  6:14  Marine, Barracks  
  76  6:15  Marine  
  75  6:24  Siege Tank  
  76  6:30  Orbital Command  
  76  6:33  SCV x2  
  78  6:49  SCV x2  
  78  6:52  Barracks  
  78  6:53  Marine, Barracks  
  81  6:56  Siege Tank  
  81  6:58  Viking  
  86  7:08  Viking  
  88  7:11  Barracks Reactor x2  
  88  7:12  Marine  
  89  7:24  Armory  
  89  7:25  Supply Depot  
  89  7:26  SCV  
  89  7:27  SCV  
  89  7:28  Medivac  
  93  7:30  Marine, Orbital Command  
  93  7:34  Siege Tank  
  97  7:38  Medivac  
  97  7:39  SCV  
  97  7:40  SCV  
  97  7:43  Barracks Reactor x2  
  101  7:47  Supply Depot, Engineering Bay  
  101  7:48  Marine  
  102  7:52  SCV x2  
  102  7:53  Marine  
  102  7:54  Marine x3  
  102  7:58  SCV  
Tags
 
Add a new tag
Caveats
  • Supply blocks, unpowered buildings, or Contaminate may cause inaccurate times.
  • Supply counts are checked every 10 seconds.